 Dungeon Crawl Stone Soup version 0.17-a0-1920-gafa4d75 (webtiles) character file.

31 Ordine the Ducker (level 3, 0/19 HPs)
             Began as a Spriggan Abyssal Knight on Sept 27, 2015.
             Was a Believer of Lugonu.
             Slain by an adder (5 damage)
             ... on level 2 of the Dungeon.
             The game lasted 00:07:21 (1269 turns).

Ordine the Ducker (Spriggan Abyssal Knight)         Turns: 1269, Time: 00:07:21

Health: 0/19       AC:  2    Str:  8    XL:     3   Next: 7%
Magic:  5/5        EV: 18    Int: 13    God:    Lugonu [**....]
Gold:   85         SH:  0    Dex: 16    Spells: 0 memorised, 2 levels left

rFire  . . .     SeeInvis +     a - +1 short sword
rCold  . . .     Clarity  .     b - +0 robe
rNeg   . . .     SustAt   .     (shield restricted)
rPois  .         Gourm    .     (helmet restricted)
rElec  .         Spirit   .     (no cloak)
rCorr  .         Warding  .     (gloves unavailable)
rMut   .         Stasis   .     (boots unavailable)
MR     .....                    (no amulet)
Stlth  +.........               (no ring)
                                (no ring)

@: very quick, not resistant to hostile enchantments, very unstealthy
A: unfitting armour, see invisible, herbivore 3, speed 3, slow metabolism 2
a: Depart the Abyss, Bend Space, Renounce Religion


You were on level 2 of the Dungeon.
You worshipped Lugonu.
Lugonu was pleased with you.
You were not hungry.

You visited 1 branch of the dungeon, and saw 2 of its levels.
You visited the Abyss 1 time.

You collected 85 gold pieces.

Inventory:

Hand weapons
 a - a +1 short sword (weapon)
Armour
 b - a +0 robe (worn)
Jewellery
 d - an uncursed ring of protection from fire {unknown}
Potions
 e - a potion of might {unknown}
 f - a potion of degeneration {unknown}
Comestibles
 c - 2 bread rations
 g - a fruit


   Skills:
 - Level 2.4 Fighting
 + Level 3.4 Short Blades
 - Level 3.5 Dodging
 + Level 2.4 Invocations


You had 2 spell levels left.
You didn't know any spells.

Dungeon Overview and Level Annotations

Branches:
Dungeon (2/15)

Altars:
Ru


Innate Abilities, Weirdness & Mutations

You are tiny and cannot use many weapons and most armour.
You have supernaturally acute eyesight.
You are a herbivore.
You cover ground extremely quickly.
You need consume almost no food.


Message History

The adder misses you.
The hobgoblin hits you but does no damage.
The adder closely misses you.
You hit the adder but do no damage.
The adder is lightly wounded.
The hobgoblin hits you. The adder completely misses you.
You hit the adder but do no damage. The adder misses you.
The hobgoblin hits you.
You closely miss the adder. The adder closely misses you.
The hobgoblin misses you.
You closely miss the adder. The adder completely misses you.
The hobgoblin hits you but does no damage.
You miss the adder. The adder bites you. The adder bites you.
* * * LOW HITPOINT WARNING * * *
The hobgoblin completely misses you. The adder barely misses you.
You hit the adder.
The adder is moderately wounded.
The adder bites you.
You die...

#.............#
#..<..).....#.#
#......#.....#
#......##....#
#......###...#
##........._.#
...##.######.####
.... #.# #....#
.... #.# #..@##
###S# #..g.#
#.......
...........
...............
#.##.......#... .
##..........
...........


You could see an adder and a hobgoblin.

Vanquished Creatures
  A giant gecko (D:1)
  A giant cockroach (D:1)
  3 goblins (D:1)
  6 hobgoblins
  4 jackals (D:1)
  5 kobolds
  A ball python (D:1)
  A bat (D:1)
  5 rats (D:1)
27 creatures vanquished.

Notes
Turn   | Place    | Note
--------------------------------------------------------------
     0 | Abyss:1  | Ordine the Spriggan Abyssal Knight began the quest for the Orb.
     0 | Abyss:1  | Reached XP level 1. HP: 11/11 MP: 3/3
     9 | D:1      | Escaped the Abyss
   323 | D:1      | Reached XP level 2. HP: 14/16 MP: 4/4
   624 | D:1      | Acquired Lugonu's second power
  1005 | D:2      | Reached XP level 3. HP: 19/19 MP: 5/5
  1239 | D:2      | Found a sacrificial altar of Ru.
  1269 | D:2      | Slain by an adder

Vault maps used:
D:1:      minmay_arrival_five_plusses, kennysheep_decorative_pillar
D:2:      overflow_temple_1_default, okawaru_ov_weapons_minmay,
          grunt_dithmenos_smoke_and_mirrors, grunt_decor_fettered,
          serial_bayou_pond_d, trog_hazing_becter

Action                   || total
-------------------------++-------
Melee: Short sword       ||    98
  Use: Scroll            ||     1
 Stab: Sleeping          ||     1
